 Dungeon Crawl Stone Soup version 0.28.0-43-g3370ac3207 (webtiles) character file.

Game seed: 13113477282788657948

688 Ablot the Grasshopper (level 7, -10/56 HPs)
             Began as a Gnoll Warper on Mar 24, 2022.
             Was an Initiate of Okawaru.
             Killed from afar by Natasha (11 damage)
             ... with a magic dart
             ... in the Ecumenical Temple.
             The game lasted 00:05:07 (3439 turns).

Ablot the Grasshopper (Gnoll Warper)                Turns: 3439, Time: 00:05:08

Health: -10/56     AC:  3    Str: 12    XL:     7   Next: 63%
Magic:  15/15      EV: 13    Int: 13    God:    Okawaru [......]
Gold:   167        SH:  0    Dex: 11    Spells: 15/17 levels left

rFire   . . .      SeeInvis .   a - +0 spear
rCold   . . .      Faith    .   (no shield)
rNeg    + . .      Spirit   .   b - +0 leather armour
rPois   .          Reflect  .   (no helmet)
rElec   .          Harm     .   (no cloak)
rCorr   .          Rampage  .   (no gloves)
Will    .....                   (no boots)
Stlth   ++........              (no amulet)
HPRegen 0.18/turn               i - +4 ring of slaying
MPRegen 0.14/turn               l - ring of positive energy

@: no status effects
A: fangs 1, strong nose, distributed training
a: Renounce Religion


You were in the Ecumenical Temple.
You worshipped Okawaru.
Okawaru was noncommittal.
You visited 2 branches of the dungeon, and saw 5 of its levels.

You collected 167 gold pieces.

Inventory:

Hand Weapons
 a - a +0 spear (weapon)
Missiles
 d - 5 boomerangs of dispersal
 e - 8 poisoned darts
 g - 51 arrows
 j - 66 stones
 q - 25 bolts
 t - 5 silver boomerangs (quivered)
Armour
 b - a +0 leather armour (worn)
 h - an orb of mayhem
Magical Staves
 p - a staff of death
Jewellery
 i - a +4 ring of slaying (left hand)
 l - a ring of positive energy (right hand)
 x - a ring of ice
Scrolls
 c - a scroll of blinking
 f - a scroll of immolation {unknown}
 k - a scroll of vulnerability {unknown}
 m - 2 scrolls of identify {unknown}
 n - 3 scrolls of fear {unknown}
 o - a scroll of enchant weapon {unknown}
 u - a scroll of torment {unknown}
 v - a scroll of enchant armour {unknown}
 w - a scroll of teleportation {unknown}
Potions
 r - 2 potions of lignification {unknown}
 s - 2 potions of flight {unknown}


   Skills:
 + Level 5.3 Fighting
 + Level 2.6 Short Blades
 + Level 2.6 Long Blades
 + Level 2.6 Axes
 + Level 2.6 Maces & Flails
 + Level 5.3 Polearms
 + Level 2.6 Staves
 + Level 2.6 Slings
 + Level 2.6 Bows
 + Level 2.6 Crossbows
 + Level 3.7 Throwing
 + Level 3.7 Armour
 + Level 5.3 Dodging
 + Level 2.6 Stealth
 + Level 2.6 Shields
 + Level 2.6 Unarmed Combat
 + Level 5.7 Spellcasting
 + Level 2.1 Conjurations
 + Level 2.1 Hexes
 + Level 2.1 Summonings
 + Level 2.1 Necromancy
 + Level 5.9 Translocations
 + Level 2.1 Transmutations
 + Level 2.1 Fire Magic
 + Level 2.1 Ice Magic
 + Level 2.1 Air Magic
 + Level 2.1 Earth Magic
 + Level 2.1 Poison Magic
 + Level 2.9 Invocations
 + Level 2.6 Evocations


You had 15 spell levels left.
You knew the following spells:

 Your Spells              Type           Power      Damage    Failure   Level
a - Blink                 Tloc           38%        N/A       3%          2

Your spell library contained the following spells:

 Spells                   Type           Power      Damage    Failure   Level
 Gell's Gravitas          Tloc           19%        N/A       6%          3
 Lesser Beckoning         Tloc           19%        N/A       6%          3
 Teleport Other           Tloc           19%        N/A       6%          3
 Manifold Assault         Tloc           19%        N/A       47%         5


Dungeon Overview and Level Annotations

Branches:
Dungeon (4/15)             Temple (1/1) D:4

Altars:
Dithmenos
Elyvilon
Kikubaaqudgha
Okawaru
Uskayaw
Vehumet
Xom
Yredelemnul
The Shining One

Annotations:
Temple Natasha


Innate Abilities, Weirdness & Mutations

You have very sharp teeth.
Your uncanny sense of smell can sniff out nearby items.
Your experience applies equally to all skills.


Message History

Natasha barely misses you. Natasha claws you.
You hit Natasha.
You kill Natasha!
Natasha screams in pain as she dies!
There is a staircase back to the Dungeon here.
Found a white marble altar of Elyvilon and an iron altar of Okawaru.
You start resting.
You feel yourself speed up.
You start resting.
Natasha, Servant of Life and Death comes into view.
Natasha mumbles some strange words.
You feel disoriented.
Found an ancient bone altar of Kikubaaqudgha.
You open the door.
Natasha mumbles some strange words.
Found a glowing golden altar of the Shining One.
There is an open door here.
Natasha misses you. The white imp gestures at you. The puff of frost hits you!
Found a shimmering altar of Xom.
Natasha closely misses you.
You open the door. Natasha claws you. The white imp gestures at you.
The puff of frost hits you.
* * * LOW HITPOINT WARNING * * *
The white imp hits you.
* * * LOW HITPOINT WARNING * * *
The white imp freezes you.
* * * LOW HITPOINT WARNING * * *
Natasha claws you.
* * * LOW HITPOINT WARNING * * *
There is an open door, spattered with blood here.
The white imp gestures at you. The puff of frost misses you.
There is an iron altar of Okawaru here.
You kneel at the altar of Okawaru.
Okawaru welcomes you!
Natasha stares at you and mumbles some strange words.
The magic dart hits you!
You die...

...#. #...#
##...#####
.'...'...#
.#...#._.
#...#...
#####...#####
#...'...+...#
#.@h#5..#._.#
#...#...#...#
######'######
#...#.......#
#._.+.....<.#
#...#.......#
######+######
.#...#
._.#...#.


You could see Natasha and a white imp (summoned).

Vanquished Creatures
  Grinder (D:4)
  An ogre (D:3)
  A black bear (D:4)
  A jelly (D:3)
  A hound (D:2)
  Jessica (D:3)
  Ijyb (D:3)
  Natasha (twice) (D:4 Temple)
  3 gnolls (D:3)
  4 adders
  An adder skeleton (D:4)
  2 worms
  4 dart slugs
  An orc (D:3)
  10 ball pythons
  4 endoplasms
  10 giant cockroaches
  4 goblins
  6 hobgoblins
  4 jackals (D:3)
  4 kobolds
  5 quokkas
  6 bats
  5 frilled lizards
  A quokka skeleton (D:4)
  4 rats
87 creatures vanquished.

Notes
Turn   | Place    | Note
-------+----------+-------------------------------------------
     0 | D:1      | Ablot the Gnoll Warper began the quest for the Orb.
     0 | D:1      | Reached XP level 1. HP: 20/20 MP: 6/6
   210 | D:1      | Reached XP level 2. HP: 23/26 MP: 7/7
   713 | D:1      | Reached XP level 3. HP: 31/31 MP: 9/9
   786 | D:1      | Reached skill level 5 in Spellcasting
   832 | D:2      | Found a radiant altar of Vehumet.
   842 | D:2      | Reached skill level 1 in Short Blades
   842 | D:2      | Reached skill level 1 in Long Blades
   842 | D:2      | Reached skill level 1 in Axes
   842 | D:2      | Reached skill level 1 in Maces & Flails
   842 | D:2      | Reached skill level 1 in Staves
   842 | D:2      | Reached skill level 1 in Slings
   842 | D:2      | Reached skill level 1 in Bows
   842 | D:2      | Reached skill level 1 in Crossbows
   842 | D:2      | Reached skill level 1 in Stealth
   842 | D:2      | Reached skill level 1 in Shields
   842 | D:2      | Reached skill level 1 in Unarmed Combat
   842 | D:2      | Reached skill level 1 in Invocations
   842 | D:2      | Reached skill level 1 in Evocations
   844 | D:2      | Reached XP level 4. HP: 28/38 MP: 11/11
   857 | D:2      | Learned a level 2 spell: Blink
  1050 | D:2      | Reached skill level 1 in Conjurations
  1050 | D:2      | Reached skill level 1 in Hexes
  1050 | D:2      | Reached skill level 1 in Summonings
  1050 | D:2      | Reached skill level 1 in Necromancy
  1050 | D:2      | Reached skill level 1 in Transmutations
  1050 | D:2      | Reached skill level 1 in Fire Magic
  1050 | D:2      | Reached skill level 1 in Ice Magic
  1050 | D:2      | Reached skill level 1 in Air Magic
  1050 | D:2      | Reached skill level 1 in Earth Magic
  1050 | D:2      | Reached skill level 1 in Poison Magic
  1622 | D:3      | Noticed Jessica
  1635 | D:3      | Killed Jessica
  1636 | D:3      | Reached XP level 5. HP: 31/43 MP: 12/12
  1710 | D:3      | Found a basalt altar of Yredelemnul.
  1734 | D:3      | Found a hide-covered altar of Uskayaw.
  1736 | D:3      | Noticed Ijyb
  1763 | D:3      | Killed Ijyb
  2542 | D:3      | Noticed an ogre
  2565 | D:3      | Killed an ogre
  2566 | D:3      | Reached XP level 6. HP: 50/50 MP: 10/14
  2662 | D:3      | Reached skill level 5 in Fighting
  2662 | D:3      | Reached skill level 5 in Polearms
  2662 | D:3      | Reached skill level 5 in Dodging
  2885 | D:3      | Found a faded altar of an unknown god.
  3068 | D:4      | Noticed Grinder
  3079 | D:4      | Killed Grinder
  3080 | D:4      | Reached XP level 7. HP: 50/56 MP: 15/15
  3115 | D:4      | Found a shadowy altar of Dithmenos.
  3364 | D:4      | Noticed Natasha
  3366 | D:4      | Found a staircase to the Ecumenical Temple.
  3373 | D:4      | Killed Natasha
  3375 | D:4      | Noticed Natasha
  3386 | Temple   | Entered the Ecumenical Temple
  3388 | Temple   | Killed Natasha
  3428 | Temple   | Noticed Natasha
  3436 | Temple   | HP: 1/56 [Natasha (5)]
  3439 | Temple   | Became a worshipper of Warmaster Okawaru
  3439 | Temple   | Killed from afar by Natasha

Illustrated notes

Levels and vault maps discovered:
D:1:      tarquinn_simple_flora_water_e, layout_loops_ring,
          hangedman_glass_teeth
D:2:      layout_loops_ring, basic_altar, minmay_worlds_worst_comb
D:3:      layout_loops_corners, yredelemnul_altar_generic,
          nicolae_uskayaw_murder_on_the_dancefloor,
          dreamdust_ecumenical_altar_statues, kennysheep_generic_room_16,
          uniq_jessica, uniq_ijyb
D:4:      layout_rooms, nicolae_dithmenos_through_a_glass_darkly,
          minmay_temple_entry_mini_moons, nrook_loot_triangle,
          minmay_misc_feat_more_columns, uniq_natasha, uniq_grinder, uniq_pikel
Temple:   nicolae_temple_god_jail

Skill      XL: |  1  2  3  4  5  6  7 |
---------------+----------------------+-----
Spellcasting   | 5 |  5.7
Short Blades   | 1 2 |  2.6
Long Blades    | 1 2 |  2.6
Axes           | 1 2 |  2.6
Maces & Flails | 1 2 |  2.6
Staves         | 1 2 |  2.6
Slings         | 1 2 |  2.6
Bows           | 1 2 |  2.6
Crossbows      | 1 2 |  2.6
Stealth        | 1 2 |  2.6
Shields        | 1 2 |  2.6
Unarmed Combat | 1 2 |  2.6
Invocations    | 1 2 |  2.9
Evocations     | 1 2 |  2.6
Conjurations   | 1 2 |  2.1
Hexes          | 1 2 |  2.1
Summonings     | 1 2 |  2.1
Necromancy     | 1 2 |  2.1
Transmutations | 1 2 |  2.1
Fire Magic     | 1 2 |  2.1
Ice Magic      | 1 2 |  2.1
Air Magic      | 1 2 |  2.1
Earth Magic    | 1 2 |  2.1
Poison Magic   | 1 2 |  2.1
Throwing       | 3 |  3.7
Armour         | 3 |  3.7
Fighting       | 5 |  5.3
Polearms       | 5 |  5.3
Dodging        | 5 |  5.3
Translocations | |  5.9

Action                   |  1- 3 |  4- 6 |  7- 9 || total
-------------------------+-------+-------+-------++-------
Melee: Spear             |    88 |   154 |    39 ||   281
       Bite              |     5 |    18 |     5 ||    28
       Punch             |     1 |     3 |       ||     4
Throw: Dart              |       |     3 |       ||     3
       Boomerang         |       |    10 |       ||    10
 Cast: Blink             |       |     2 |       ||     2
Evoke: Wand              |       |     1 |       ||     1
 Stab: Sleeping          |     1 |     5 |     2 ||     8
Armor: Leather armour    |    21 |    12 |     4 ||    37
Dodge: Dodged            |    50 |    52 |    27 ||   129
